 Dungeon Crawl Stone Soup version 0.23-a0-143-g1adec7b (webtiles) character file.

245 KristoblXynda the Cudgeler (level 6, -3/37 HPs)
             Began as a Gargoyle Fighter on Sept 3, 2018.
             Killed by divine providence
             ... invoked by an orc priest
              (10 damage)
             ... on level 3 of the Dungeon.
             The game lasted 00:04:24 (2293 turns).

KristoblXynda the Cudgeler (Gargoyle Fighter)       Turns: 2293, Time: 00:04:25

Health: -3/37      AC: 11    Str: 21    XL:     6   Next: 10%
Magic:  6/6        EV:  7    Int:  9    God:
Gold:   139        SH:  9    Dex:  9    Spells: 5/5 levels left

rFire    . . .     SeeInvis .   a - +0 flail
rCold    . . .     Gourm    .   c - +0 shield
rNeg     + . .     Faith    .   b - +0 scale mail
rPois    ∞         Spirit   .   (no helmet)
rElec    +         Reflect  .   (no cloak)
rCorr    .         Harm     .   (no gloves)
MR       .....                  (no boots)
Stlth    ..........             (no amulet)
HPRegen  0.12/turn              h - ring of poison resistance
MPRegen  0.10/turn              (no ring)

@: no status effects
A: negative energy resistance 1, electricity resistance, unbreathing,
petrification resistance, rot immunity, AC +4
a: no special abilities


You were on level 3 of the Dungeon.
You were not hungry.

You visited 1 branch of the dungeon, and saw 3 of its levels.

You collected 139 gold pieces.

Inventory:

Hand Weapons
 a - a +0 flail (weapon)
Armour
 b - a +0 scale mail (worn)
 c - a +0 shield (worn)
Jewellery
 h - a ring of poison resistance (left hand)
Wands
 m - a wand of flame (26)
Scrolls
 e - 2 scrolls of teleportation {unknown}
 i - a scroll of fog {unknown}
 j - a scroll of fear {unknown}
 k - 2 scrolls of identify {unknown}
Potions
 d - 2 potions of might
 g - 3 potions of curing {unknown}
 l - a potion of brilliance {unknown}
Comestibles
 f - 4 rations


   Skills:
 - Level 3.2 Fighting
 * Level 4.6 Maces & Flails
 + Level 4.5 Armour
 + Level 4.6 Shields


You had 5 spell levels left.
You didn't know any spells.
Your spell library was empty.

Dungeon Overview and Level Annotations

Branches:
Dungeon (3/15)

Altars:
Trog

Annotations:
D:3 Purgy


Innate Abilities, Weirdness & Mutations

You are resistant to torment.
Your stone body is resilient. (AC +4)
You are immune to poison.
You resist negative energy. (rN+)
You are resistant to electric shocks. (rElec)
You can survive without breathing.
You are immune to petrification.
You are immune to rotting.


Message History

The orc is heavily wounded.
You block the orc's attack.
You hit the orc but do no damage.
The orc is heavily wounded.
The orc hits you but does no damage.
The orc priest begins to cast a cantrip, but forgets the words!
You hit the orc.
You kill the orc!
You hit the orc priest.
The orc priest is lightly wounded.
You block the orc priest's attack.
An orc comes into view. It is wielding a hand axe.
Your shield prevents you from hitting the orc priest.
The orc priest is lightly wounded.
The orc priest calls down the wrath of Beogh upon you.
Beogh smites you!
* * * LOW HITPOINT WARNING * * *
The orc priest calls down the wrath of Beogh upon you.
Beogh smites you!
You die...

## .!
#####.########
.....oogo@...#
...%..o#####.#
#####.. #.#
#..
#.#########
#..
#.........#
o..
#########.#
.##. #.# . #.
#.# #.#


You could see 2 orc priests, 2 orcs and a goblin.

Vanquished Creatures
  A phantom (D:3)
  4 gnolls
  2 adders
  4 oozes
  2 worms
  A dart slug (D:1)
  4 leopard geckos
  2 orcs (D:3)
  3 ball pythons
  8 bats
  4 giant cockroaches
  5 goblins
  9 hobgoblins
  4 jackals (D:1)
  6 kobolds
  5 frilled lizards
  6 rats
70 creatures vanquished.

Notes
Turn   | Place    | Note
-------+----------+-------------------------------------------
     0 | D:1      | KristoblXynda the Gargoyle Fighter began the quest for the
                  | Orb.
     0 | D:1      | Reached XP level 1. HP: 14/14 MP: 1/1
    94 | D:1      | Reached XP level 2. HP: 16/19 MP: 2/2
   362 | D:1      | Reached XP level 3. HP: 23/23 MP: 3/3
   788 | D:2      | Reached XP level 4. HP: 6/28 MP: 4/4
   795 | D:2      | HP: 1/28 [leopard gecko (3)]
  1361 | D:2      | Found a bloodstained altar of Trog.
  1457 | D:3      | Noticed Purgy
  1515 | D:3      | Noticed a phantom
  1741 | D:3      | Reached XP level 5. HP: 20/32 MP: 5/5
  1964 | D:3      | Killed a phantom
  2086 | D:3      | Reached XP level 6. HP: 31/37 MP: 6/6
  2293 | D:3      | Killed from afar by an orc priest

Vault maps used:
D:1:      lemuel_arrival_rhombus, minmay_misc_feat_tiny
D:2:      first_ration, bloody_trog
D:3:      lemuel_round_altar, kiku_gazebo_garden_becter, uniq_purgy,
          uniq_grinder

Skill      XL: |  1  2  3  4  5 |
---------------+----------------+-----
Maces & Flails | 3 4 |  4.6
Shields        | 4 |  4.6
Armour         | 4 |  4.5
Fighting       | |  3.2

Action                   |  1- 3 |  4- 6 || total
-------------------------+-------+-------++-------
Melee: Flail             |   166 |   188 ||   354
  Eat: Chunk             |       |     2 ||     2
       Ration            |       |     1 ||     1
Armor: Scale mail        |   122 |    85 ||   207
Dodge: Dodged            |    73 |    47 ||   120
Block: Shield            |   109 |    93 ||   202

Table legend:
 A = Non-vault XP
 B = Vault XP
 C = Vault XP percentage of total XP
 D = Non-vault monster count
 E = Vault monster count
 F = Vault count percentage of total count
                 A         B        C        D         E       F
            +---------+---------+-------+---------+---------+-------
      Total |     351 |       0 |   0.0 |      70 |       0 |   0.0
            +---------+---------+-------+---------+---------+-------
        D:1 |      70 |       0 |   0.0 |      36 |       0 |   0.0
        D:2 |      62 |       0 |   0.0 |      16 |       0 |   0.0
        D:3 |     219 |       0 |   0.0 |      18 |       0 |   0.0
            +---------+---------+-------+---------+---------+-------
